 Dungeon Crawl Stone Soup version 0.31-a0-818-ge7c7cf74f0 (webtiles) character file.

Game seed: 14490806262639833783

632 porpoise the Shooter (level 7, -4/56 HPs)
             Began as a Human Hunter on Sept 23, 2023.
             Slain by an ogre
             ... wielding a +0 giant club
              (33 damage)
             ... on level 6 of the Dungeon.
             The game lasted 00:11:00 (4149 turns).

porpoise the Shooter (Human Hunter)                 Turns: 4149, Time: 00:11:00

Health: -4/56      AC:  4    Str: 11    XL:     7   Next: 78%
Magic:  7/7        EV: 12    Int:  9    God:
Gold:   285        SH:  0    Dex: 19    Spells: 6/6 levels left

rFire   . . .        b - +3 short sword (drain)
rCold   . . .        (no shield)
rNeg    . . .        c - +0 leather armour
rPois   .            (no helmet)
rElec   .            (no cloak)
rCorr   +            f - +0 pair of gloves
SInv    .            (no boots)
Will    .....        (no amulet)
Stlth   ++           j - ring of resist corrosion
HPRegen 0.29/turn    (no ring)
MPRegen 0.10/turn

%: no passive effects
@: no status effects
A: no striking features
a: no special abilities


You were on level 6 of the Dungeon.
You visited 2 branches of the dungeon, and saw 7 of its levels.

You collected 285 gold pieces.

Inventory:

Hand Weapons
 a - a +0 shortbow
 b - a +3 short sword of draining (weapon)
 w - a +2 dagger of venom
Missiles
 k - 15 poisoned darts
 n - 2 boomerangs
 y - 4 curare-tipped darts
Armour
 c - a +0 leather armour (worn)
 f - a +0 pair of gloves (worn)
 u - a +0 ring mail
Jewellery
 j - a ring of resist corrosion (left hand)
 r - a +6 ring of intelligence
Wands
 h - a wand of paralysis (6)
Scrolls
 d - a scroll of enchant weapon {unknown}
 e - a scroll of acquirement {unknown}
 g - a scroll of immolation {unknown}
 l - 2 scrolls of fog
 o - a scroll of butterflies
 p - 8 scrolls of teleportation
 s - 3 scrolls of fear {unknown}
 v - a scroll of brand weapon {unknown}
 A - a scroll of blinking {unknown}
Potions
 i - 4 potions of curing
 m - a potion of attraction {unknown}
 q - a potion of resistance {unknown}
 t - 2 potions of heal wounds {unknown}
 x - a potion of mutation {unknown}
 z - 2 potions of might {unknown}


   Skills:
 - Level 5.0 Fighting
 * Level 6.8 Ranged Weapons
 * Level 2.2 Armour
 - Level 2.0 Dodging
 + Level 2.1 Stealth


You had 6 spell levels left.
You didn't know any spells.
Your spell library contained the following spells:

 Spells                   Type           Power      Damage    Failure   Level
 Hailstorm                Conj/Ice       0%         3d3       85%         3
 Summon Ice Beast         Ice/Summ       0%         N/A       99%         4
 Simulacrum               Ice/Necr       0%         N/A       100%        6


Dungeon Overview and Level Annotations

Branches:
Dungeon (6/15)             Temple (1/1) D:4

Altars:
Ashenzari
Cheibriados
Dithmenos
Fedhas
Gozag
Makhleb
Nemelex Xobeh
Qazlal
Sif Muna
Trog
Vehumet
Wu Jian
Xom
Yredelemnul
Zin
The Shining One

Annotations:
D:5 exclusion: door


Message History

You see here a dart slug corpse.
You see here a scroll of teleportation.
Partly explored, can't reach some places.
You see here a scroll of teleportation.
p - 8 scrolls of teleportation (gained 1) Partly explored, can't reach some places.
There is a stone staircase leading down here.
You climb downwards.
Reactivating autopickup.
There is a stone staircase leading up here.
Found 3 stones.
As you open the large door, it creaks loudly!
An ogre comes into view. It is wielding a +0 giant club.
The ogre shouts!
A scorpion comes into view.
Found 71 gold pieces.
You shoot an arrow.
The arrow hits the ogre but does no damage.
You shoot an arrow.
The arrow hits the scorpion but does no damage.
You sense an unholy aura.
b - a +3 short sword of draining (weapon)
The scorpion stings you but does no damage.
You hit the scorpion. You drain the scorpion.
The scorpion is heavily wounded.
The scorpion barely misses you.
You hit the scorpion. You drain the scorpion.
You kill the scorpion!
Your Stealth skill increases to level 2!
You hit the ogre.
The ogre is lightly wounded.
The ogre hits you with a +0 giant club!!
Ouch! That really hurt!
You are too injured to fight recklessly!
You are too injured to fight recklessly!
You barely miss the ogre.
The ogre is lightly wounded.
The ogre hits you with a +0 giant club!!
Ouch! That really hurt!
You die...

######## .......#####
############# ....(..#...#
#...........# .......+...#
#...........+ .......#..##
#...........# .......#+#.#
#...........#
.......+...######O##...#####
.......#..#.....@##..###
.......####....#.##''#
...............###....
...............##....O.
...............#...$$...
...............#..$..$..#
...............#..$..$..#
.............###...$$...#
............##


You could see an ogre.

Vanquished Creatures
  A scorpion (D:6)
  4 hounds
  2 orc priests
  3 iguanas
  4 orc wizards
  3 gnolls (D:2)
  8 adders
  4 dart slugs
  19 orcs
  8 ball pythons
  7 endoplasms
  2 giant cockroaches
  6 goblins
  5 hobgoblins
  2 jackals (D:1)
  3 quokkas
  7 bats
  3 frilled lizards
  11 kobolds
  5 rats
107 creatures vanquished.

Notes
Turn   | Place    | Note
-------+----------+-------------------------------------------
     0 | D:1      | porpoise the Human Hunter began the quest for the Orb.
     0 | D:1      | Reached XP level 1. HP: 16/16 MP: 1/1
    73 | D:1      | Reached XP level 2. HP: 22/22 MP: 2/2
   294 | D:1      | Reached XP level 3. HP: 28/28 MP: 3/3
   843 | D:2      | Reached XP level 4. HP: 21/35 MP: 4/4
  1225 | D:2      | Reached skill level 5 in Ranged Weapons
  1479 | D:3      | Reached XP level 5. HP: 41/41 MP: 5/5
  1605 | D:3      | Found an ornate altar of the Wu Jian Council.
  1978 | D:3      | Found a blossoming altar of Fedhas.
  2457 | D:4      | Reached XP level 6. HP: 49/49 MP: 6/6
  2675 | D:4      | Found a shadowy altar of Dithmenos.
  2691 | D:4      | Found a bloodstained altar of Trog.
  2883 | D:4      | Reached skill level 6 in Ranged Weapons
  2974 | D:4      | Found a staircase to the Ecumenical Temple.
  3011 | Temple   | Entered the Ecumenical Temple
  3153 | D:5      | Entered Level 5 of the Dungeon
  3185 | D:5      | Reached skill level 5 in Fighting
  3185 | D:5      | Reached XP level 7. HP: 49/56 MP: 7/7
  3475 | D:5      | Reached skill level 1 in Armour
  3729 | D:5      | Found a shimmering blue altar of Sif Muna.
  4149 | D:6      | Slain by an ogre

Illustrated notes

Levels and vault maps discovered:
D:1:      minmay_arrival_radiant_lines, layout_loops_ring
D:2:      layout_rooms, grunt_decor_clamped, minmay_misc_feat_tiny
D:3:      layout_basic, fedhas_altar_1, mainiacjoe_overflow_alcove_4
D:4:      layout_loops_ring, mainiacjoe_overflow_big_doors,
          minmay_temple_entry_fiery
D:5:      wad_crossroads, layout_cave_pools, led_sif_book
D:6:      minmay_polygon_palace, layout_gridville,
          eino_small_chamber_without_monster, minmay_shop_damaged,
          minmay_hedge_maze, hangedman_decor_points, uniq_eustachio
Temple:   jpeg_temple_clearing

Skill      XL: |  1  2  3  4  5  6  7 |
---------------+----------------------+-----
Fighting       | 3 4 5 |  5.0
Ranged Weapons | 5 6 |  6.8
Armour         | 2 |  2.2
Stealth        | 2 |  2.1
Dodging        | |  2.0

Action                     |  1- 3 |  4- 6 |  7- 9 || total
---------------------------+-------+-------+-------++-------
  Melee: Short sword       |       |    30 |    53 ||    83
   Fire: Shortbow          |    98 |   140 |    59 ||   297
    Use: Scroll            |       |     4 |       ||     4
         Potion            |       |       |     2 ||     2
 Armour: Leather armour    |    20 |    41 |    57 ||   118
  Dodge: Dodged            |    11 |    52 |    19 ||    82

Table legend: (Time is in decaauts)
 A = Elapsed time spent in this place.
 B = Non-inter-level travel time spent in this place.
 C = Inter-level travel time spent in this place.
 D = Time resting spent in this place.
 E = Time spent auto-exploring this place.
 F = Levels seen in this place.
 G = Mean time per level.
                   A        B        C        D        E       F      G
               +--------+--------+--------+--------+--------+-----+--------+
         Total |   4187 |   3969 |    218 |    520 |   2656 |   7 |  598.1 |
       Dungeon |   4185 |   3968 |    217 |    520 |   2656 |   6 |  697.5 |
        Temple |      1 |      0 |      1 |      0 |      0 |   1 |    1.0 |
               +--------+--------+--------+--------+--------+-----+--------+

Top non-repeatable levels by time:
     D:5: 933 daAuts
     D:3: 925 daAuts
     D:4: 769 daAuts
     D:2: 767 daAuts
     D:1: 730 daAuts
     D:6: 60 daAuts
  Temple: 1 daAuts
